 Dungeon Crawl Stone Soup version 0.23.0-2-g0fe3ce5 (webtiles) character file.

Game seed: 6903942864068631927

243519 Clumpoid the Bludgeoner (level 19, -3/125 HPs)
             Began as a Gargoyle Fighter on Feb 19, 2019.
             Was the Champion of Okawaru.
             Slain by a slime creature (7 damage)
             ... on level 1 of the Pits of Slime.
             The game lasted 01:08:54 (34801 turns).

Clumpoid the Bludgeoner (Gargoyle Fighter)         Turns: 34801, Time: 01:08:54

Health: -3/125     AC: 42    Str: 23    XL:     19   Next: 42%
Magic:  3/24       EV: 12    Int: 13    God:    Okawaru [******]
Gold:   1410       SH:  0    Dex: 20    Spells: 18/18 levels left

rFire    + + +     SeeInvis .   q - +5 eveningstar of the Shrike {chaos, Fragile +Fly Int+4}
rCold    . . .     Gourm    .   K - +0 large shield (curse)
rNeg     + + .     Faith    .   N - +4 plate armour "Veqef" {rF+ rC+}
rPois    ∞         Spirit   .   g - +1 hat of Dogma {Dex+4}
rElec    +         Reflect  .   b - +0 cloak "Buewn" {rN+ Dex-4 Slay+6}
rCorr    +         Harm     .   P - +1 pair of gloves {Dex+3}
MR       +....                  A - +3 pair of boots of the Gusle {rF++ rC- Regen+ Dex+3}
Stlth    ..........             x - amulet of regeneration
HPRegen  1.10/turn              k - +5 ring of slaying
MPRegen  0.19/turn              U - ring of resist corrosion

@: confused, corroded, flying
A: big wings, negative energy resistance 1, electricity resistance, unbreathing,
petrification resistance, rot immunity, AC +14
}: 2/15 runes: decaying, serpentine
a: Stop Flying, Heroism, Finesse, Renounce Religion


You were on level 1 of the Pits of Slime.
You worshipped Okawaru.
Okawaru was exalted by your worship.
You were full.

You visited 8 branches of the dungeon, and saw 34 of its levels.

You collected 3028 gold pieces.
You spent 1618 gold pieces at shops.

Inventory:

Hand Weapons
 q - the +5 eveningstar of the Shrike (weapon) {chaos, Fragile +Fly Int+4}
   (Okawaru gifted it to you on level 14 of the Dungeon)

   Each time it hits an enemy it has a different, random effect.
   It affects your intelligence (+4).
   It lets you fly.
   It will be destroyed if unequipped.
Armour
 b - the +0 cloak "Buewn" (worn) {rN+ Dex-4 Slay+6}
   (Okawaru gifted it to you on level 4 of the Swamp)

   It affects your dexterity (-4).
   It affects your accuracy and damage with ranged weapons and melee attacks
   (+6).
   It protects you from negative energy.
 g - the +1 hat of Dogma (worn) {Dex+4}
   (You acquired it on level 11 of the Dungeon)

   It affects your dexterity (+4).
 A - the +3 pair of boots of the Gusle (worn) {rF++ rC- Regen+ Dex+3}
   (Okawaru gifted it to you on level 4 of the Snake Pit)

   It affects your dexterity (+3).
   It greatly protects you from fire.
   It makes you vulnerable to cold.
   It increases your rate of regeneration.
 H - a scarf of cloud immunity
 K - a cursed +0 large shield (worn)
 N - the +4 plate armour "Veqef" (worn) {rF+ rC+}
   (You bought it in a shop on level 2 of the Orcish Mines)

   It protects you from fire.
   It protects you from cold.
 P - a +1 pair of gloves of dexterity (worn)
Jewellery
 c - an uncursed ring of protection from magic
 k - a +5 ring of slaying (left hand)
 o - an uncursed ring of protection from cold
 x - an amulet of regeneration (around neck)
 S - an uncursed ring of protection from magic
 U - a ring of resist corrosion (right hand)
Wands
 l - a wand of disintegration (22)
 n - a wand of random effects (62)
 D - a wand of enslavement (11)
 E - a wand of paralysis (19)
 F - a wand of flame (68)
 J - a wand of polymorph (9)
 L - a wand of iceblast (7)
 M - a wand of digging (7)
Scrolls
 a - 3 scrolls of amnesia
 e - 11 scrolls of teleportation
 h - a scroll of magic mapping
 j - 11 scrolls of remove curse
 p - 2 scrolls of summoning
 r - 6 scrolls of immolation
 s - 2 scrolls of enchant weapon
 t - 9 scrolls of fear
 w - 3 scrolls of vulnerability
 y - 3 scrolls of identify
 B - a scroll of holy word
 C - 3 scrolls of blinking
 G - a scroll of silence
 Q - a scroll of enchant armour
 R - a scroll of brand weapon
 T - a scroll of fog
Potions
 d - a potion of might
 i - 3 potions of brilliance
 m - 2 potions of cancellation
 u - 13 potions of curing
 v - 2 potions of invisibility
 z - 3 potions of heal wounds
 I - a potion of resistance
 O - 3 potions of mutation
Comestibles
 f - 43 rations


   Skills:
 + Level 16.1 Fighting
 + Level 18.8 Maces & Flails
 + Level 17.9 Armour
 + Level 8.3 Dodging
 + Level 17.3 Shields
 - Level 7.5 Invocations


You had 18 spell levels left.
You didn't know any spells.
Your spell library contained the following spells:

 Spells                   Type           Power        Failure   Level  Hunger
 Animate Skeleton         Necr           N/A          99%         1    ##.....
 Corona                   Hex            #......      99%         1    ##.....
 Flame Tongue             Conj/Fire      #....        99%         1    ##.....
 Magic Dart               Conj           #...         99%         1    ##.....
 Pain                     Necr           #...         99%         1    ##.....
 Sandblast                Erth           #.....       99%         1    ##.....
 Shock                    Conj/Air       #...         99%         1    ##.....
 Blink                    Tloc           N/A          100%        2    ###....
 Call Imp                 Summ           #.......     100%        2    ###....
 Ensorcelled Hibernation  Hex/Ice        #.....       100%        2    ###....
 Passwall                 Tmut/Erth      #.......     100%        2    ###....
 Slow                     Hex            #.......     100%        2    ###....
 Swiftness                Chrm/Air       #.......     100%        2    ###....
 Throw Flame              Conj/Fire      #.....       100%        2    ###....
 Confuse                  Hex            #.......     100%        3    ####...
 Conjure Flame            Conj/Fire      #.......     100%        3    ####...
 Dazzling Spray           Conj/Hex       #.....       100%        3    ####...
 Ignite Poison            Fire/Tmut/Pois #.......     100%        3    ####...
 Inner Flame              Hex/Fire       #.......     100%        3    ####...
 Mephitic Cloud           Conj/Pois/Air  #.......     100%        3    ####...
 Recall                   Summ/Tloc      N/A          100%        3    ####...
 Regeneration             Chrm/Necr      #.........   100%        3    ####...
 Static Discharge         Conj/Air       #.......     100%        3    ####...
 Stone Arrow              Conj/Erth      #.....       100%        3    ####...
 Tukima's Dance           Hex            #.......     100%        3    ####...
 Vampiric Draining        Necr           #.........   100%        3    ####...
 Airstrike                Air            #.........   100%        4    #####..
 Animate Dead             Necr           N/A          100%        4    #####..
 Petrify                  Tmut/Erth      #.......     100%        4    #####..
 Sticky Flame             Conj/Fire      #.......     100%        4    #####..
 Alistair's Intoxication  Tmut/Pois      #.......     100%        5    ######.
 Borgnjor's Vile Clutch   Necr/Erth      #.........   100%        5    ######.
 Fireball                 Conj/Fire      #.........   100%        5    ######.
 Irradiate                Conj/Tmut      #.........   100%        5    ######.
 Lee's Rapid Deconstruct  Erth           #.........   100%        5    ######.
 Lightning Bolt           Conj/Air       #.........   100%        5    ######.
 Death Channel            Necr           #.........   100%        6    #######
 Hydra Form               Tmut           #.........   100%        6    #######
 Simulacrum               Ice/Necr       #.........   100%        6    #######
 Dragon Form              Tmut           #.........   100%        7    #######
 Sublimation of Blood     Necr           Unusable     N/A         2    N/A
 Statue Form              Tmut/Erth      Unusable     N/A         6    N/A

Dungeon Overview and Level Annotations

Branches:
Dungeon (15/15)            Temple (1/1) D:6            Lair (6/6) D:10
  Swamp (4/4) Lair:4        Snake (4/4) Lair:3        Slime (1/5) Lair:5
    Orc (2/2) D:10            Elf (0/3) Orc:2        Vaults (1/5) D:14
 Depths (0/5) D:15

Altars:
Ashenzari
Cheibriados
Dithmenos
Elyvilon
Fedhas
Gozag
Hepliaklqana
Kikubaaqudgha
Makhleb
Nemelex Xobeh
Okawaru
Qazlal
Ru
Sif Muna
Trog
Uskayaw
Vehumet
Wu Jian
Xom
Yredelemnul
Zin
The Shining One
Beogh

Shops:
Orc:1 *   Orc:2 :?}[*   Snake:4 (%:!

Portals:
Trove: D:14 (give +6 demon trident)

Annotations:
Lair:5 exclusion: 3 oklob plants


Innate Abilities, Weirdness & Mutations

You are resistant to torment.
Your stone body is resilient. (AC +14)
You are immune to poison.
Your large and strong wings let you fly indefinitely.
You resist negative energy. (rN+)
You are resistant to electric shocks. (rElec)
You can survive without breathing.
You are immune to petrification.
You are immune to rotting.


Message History

A slime creature comes into view.
You're too confused to move!
The slime creature closely misses you.
The golden eye blinks!
The slime creature hits you but does no damage.
The great orb of eyes bites you but does no damage.
The very large slime creature hits you!!
* * * LOW HITPOINT WARNING * * *
The slime creature hits you but does no damage.
The slime creature misses you.
A slime creature comes into view. x2
You're too confused!
You feel much better. The golden eye blinks at you.
You resist with some effort. The golden eye blinks at you.
You are more confused.
The enormous slime creature hits you!!!
* * * LOW HITPOINT WARNING * * *
The slime creature hits you!
You die...

...............
...............
...............
....>..........
.........#....#
.......§.......
......G.......#
#JJJ......
##J@G......
#GJJJ......
.........J.....
#.#............
..J...JG...J...
...............
.#.##J........J.
.# J..J..>.....
.#.#.........


You could see a great orb of eyes, an enormous slime creature, a very large
slime creature, 13 slime creatures, an eye of draining and 2 golden eyes.

Vanquished Creatures
  Nikola (Swamp:3)
  Jorgrun (Swamp:2)
  An acid blob (Slime:1)
  4 thorn hunters
  Agnes (Snake:3)
  Gastronok (D:9)
  Roxanne (Swamp:3)
  The ghost of suduhmizer the Spry, an adept KoBe of Trog (Snake:4)
  10 nagarajas
  A fire giant (D:15)
  A spark wasp (Swamp:2)
  An ettin (Swamp:2)
  Fannar (D:11)
  20 hydras
  5 ogre magi
  Erolcha (Orc:2)
  19 naga warriors
  The ghost of Clumpoid the Slinger, a journeyman MiFi of Cheibriados (D:12)
  6 vault guards (D:14)
  A ghost crab (Swamp:4)
  2 shambling mangroves
  2 centaur warriors
  11 anacondas
  4 two-headed ogres
  18 alligators
  2 tengu warriors
  4 catoblepae (Lair:6)
  8 death yaks (Lair:6)
  A spriggan berserker (Swamp:4)
  Urug (Orc:1)
  8 naga sharpshooters
  6 shock serpents
  Sonja (Lair:5)
  Nergalle (D:11)
  3 skeletal warriors (Vaults:1)
  12 swamp dragons
  An unseen horror (D:12)
  3 spriggan druids
  2 salamander mystics
  A wizard (D:14)
  A deep elf archer (D:14)
  7 naga ritualists
  10 orc knights
  A lindwurm (Lair:6)
  2 deep elf magi
  8 mana vipers
  13 salamanders
  9 cyclopes
  7 orc sorcerers
  A moth of wrath (Snake:4)
  2 oklob plants (Lair:2)
  4 manticores
  5 elephants (Lair:4)
  16 ugly things
  Joseph (D:7)
  27 naga magi
  8 guardian serpents
  27 black mambas
  16 spiny frogs
  A spiny frog (shapeshifter) (Snake:3)
  2 gargoyles
  2 kobold demonologists
  11 komodo dragons
  4 yaktaurs (D:15)
  A tengu conjurer (D:15)
  7 trolls
  10 blink frogs (Lair:2)
  2 polar bears (Lair:4)
  20 hornets
  7 bog bodies
  14 slime creatures
  4 dream sheep (Lair:5)
  8 tyrant leeches
  12 hippogriffs
  8 spriggans
  Eustachio (D:5)
  2 wyverns
  5 shadows
  3 wraiths
  A yak (shapeshifter) (D:13)
  5 basilisks
  2 steam dragons (D:7)
  2 golden eyes (Slime:1)
  A human (D:14)
  2 hungry ghosts
  42 yaks
  19 vampire mosquitoes
  4 wargs
  65 nagas
  Grum (D:8)
  13 insubstantial wisps
  11 swamp worms
  An acid dragon (D:15)
  A floating eye (Lair:5)
  10 porcupines
  8 water moccasins
  19 orc warriors
  13 swamp drakes
  4 ice beasts
  4 black bears
  12 ogres
  5 sky beasts
  2 necrophages
  3 phantoms
  3 eyes of draining
  5 centaurs
  8 wolves
  5 crocodiles
  4 big kobolds
  19 bullfrogs
  A gnoll sergeant (D:12)
  3 scorpions
  A water moccasin skeleton (D:8)
  3 killer bees (D:10)
  6 wights
  An electric eel (Snake:4)
  6 crimson imps
  A howler monkey (D:12)
  3 centaur zombies
  A bullfrog zombie (D:12)
  A quasit (D:11)
  4 hounds
  6 human zombies (D:7)
  3 jellies
  12 orc priests
  7 centaur skeletons
  Crazy Yiuf (D:7)
  2 bullfrog skeletons
  A gnoll shaman (D:7)
  Ijyb (D:5)
  32 orc wizards
  9 iguanas
  A human skeleton (D:7)
  20 worker ants
  2 mummies (D:7)
  A hound skeleton (D:5)
  A worker ant zombie (D:8)
  Robin (D:3)
  2 howler monkey skeletons
  14 gnolls
  19 adders
  4 shadow imps
  A white imp (D:5)
  An ooze (D:3)
  An adder skeleton (D:10)
  4 worms
  4 dart slugs
  3 leopard geckos
  95 orcs
  4 ball pythons
  6 giant cockroaches
  12 goblins
  5 hobgoblins
  19 jackals
  29 kobolds
  8 quokkas
  A ball python zombie (D:5)
  5 bats
  A frilled lizard (D:4)
  A leopard gecko skeleton (D:4)
  A quokka skeleton (D:7)
  6 rats
1129 creatures vanquished.

Vanquished Creatures (collateral kills)
  2 insubstantial wisps (Swamp:3)
2 creatures vanquished.

Vanquished Creatures (others)
  2 shambling mangroves (Swamp:3)
  2 spriggans (Swamp:3)
  A vampire mosquito (Swamp:4)
  2 nagas
  9 briar patches
  2 fungi (Lair:6)
  37 plants
55 creatures vanquished.

Grand Total: 1186 creatures vanquished

Notes
Turn   | Place    | Note
-------+----------+-------------------------------------------
     0 | D:1      | Clumpoid the Gargoyle Fighter began the quest for the Orb.
     0 | D:1      | Reached XP level 1. HP: 14/14 MP: 1/1
   174 | D:1      | Reached XP level 2. HP: 17/19 MP: 2/2
   288 | D:1      | Reached skill level 3 in Maces & Flails
   772 | D:1      | Reached XP level 3. HP: 23/23 MP: 3/3
  1256 | D:2      | Reached skill level 4 in Maces & Flails
  1291 | D:2      | Reached XP level 4. HP: 28/28 MP: 4/4
  1401 | D:2      | Found a stormy altar of Qazlal.
  1913 | D:3      | Found a faded altar of an unknown god.
  1934 | D:3      | Found a sacrificial altar of Ru.
  2026 | D:3      | Reached skill level 5 in Maces & Flails
  2026 | D:3      | Reached XP level 5. HP: 32/32 MP: 5/5
  2246 | D:3      | Noticed Robin
  2506 | D:4      | Reached skill level 6 in Maces & Flails
  2515 | D:4      | Reached XP level 6. HP: 29/37 MP: 6/6
  2530 | D:4      | Got a pair of heavily runed boots
  2536 | D:4      | Identified the +0 pair of boots of Buunkeif {*Drain rN+
                  | Slay+3 SInv} (You found it on level 4 of the Dungeon)
  2765 | D:3      | Killed Robin
  3117 | D:4      | Noticed a phantom
  3128 | D:4      | Killed a phantom
  3128 | D:4      | Reached skill level 7 in Maces & Flails
  3206 | D:4      | Reached XP level 7. HP: 13/41 MP: 7/7
  3489 | D:4      | Found a blossoming altar of Fedhas.
  3492 | D:4      | Found an ancient bone altar of Kikubaaqudgha.
  3601 | D:4      | Reached skill level 8 in Maces & Flails
  3807 | D:5      | Entered Level 5 of the Dungeon
  3809 | D:5      | Noticed Eustachio
  3949 | D:5      | Killed Eustachio
  4006 | D:5      | Noticed Ijyb
  4030 | D:5      | Reached skill level 9 in Maces & Flails
  4030 | D:5      | Reached XP level 8. HP: 43/46 MP: 8/8
  4044 | D:5      | Killed Ijyb
  4395 | D:5      | Reached skill level 10 in Maces & Flails
  4559 | D:6      | Found a staircase to the Ecumenical Temple.
  4570 | Temple   | Entered the Ecumenical Temple
  4748 | Temple   | Became a worshipper of Warmaster Okawaru
  4973 | D:6      | Reached skill level 11 in Maces & Flails
  4987 | D:6      | Reached XP level 9. HP: 46/51 MP: 9/9
  5366 | D:7      | Reached * piety under Okawaru
  5460 | D:7      | Noticed Joseph
  5482 | D:7      | Killed Joseph
  5482 | D:7      | Reached ** piety under Okawaru
  5482 | D:7      | Reached skill level 12 in Maces & Flails
  5571 | D:7      | Found a basalt altar of Yredelemnul.
  5715 | D:7      | Found a white marble altar of Elyvilon.
  5719 | D:7      | Reached skill level 13 in Maces & Flails
  5813 | D:7      | Reached *** piety under Okawaru
  6066 | D:7      | Reached XP level 10. HP: 56/56 MP: 10/10
  6459 | D:7      | Found a runed translucent door.
  6460 | D:7      | Noticed Crazy Yiuf
  6702 | D:7      | Killed Crazy Yiuf
  6856 | D:8      | Reached skill level 14 in Maces & Flails
  7099 | D:8      | Noticed Grum
  7120 | D:8      | Killed Grum
  7519 | D:8      | Found a deep blue altar of Sif Muna.
  7702 | D:8      | Found a shattered altar of Ashenzari.
  7736 | D:8      | Reached **** piety under Okawaru
  7825 | D:8      | Found a burning altar of Makhleb.
  7828 | D:8      | Found a snail-covered altar of Cheibriados.
  7837 | D:8      | Found a stormy altar of Qazlal.
  8168 | D:9      | Noticed a two-headed ogre
  8173 | D:9      | Killed a two-headed ogre
  8212 | D:9      | Found a glowing golden altar of the Shining One.
  8522 | D:9      | Reached skill level 5 in Armour
  8522 | D:9      | Reached skill level 5 in Shields
  8613 | D:9      | Found an opulent altar of Gozag.
  8742 | D:9      | Noticed Gastronok
  8759 | D:9      | Killed Gastronok
  8759 | D:9      | Reached ***** piety under Okawaru
  8759 | D:9      | Received a gift from Okawaru
  8759 | D:9      | Reached XP level 11. HP: 17/60 MP: 11/11
  9111 | D:10     | Entered Level 10 of the Dungeon
  9379 | D:10     | Found a staircase to the Lair.
  9764 | D:10     | Found a staircase to the Orcish Mines.
  9980 | Lair:1   | Entered Level 1 of the Lair of Beasts
 10581 | Lair:1   | You fall through a shaft!
 10694 | Lair:2   | Received a gift from Okawaru
 10811 | Lair:2   | Reached XP level 12. HP: 58/64 MP: 12/12
 10867 | Lair:2   | Reached skill level 10 in Armour
 10875 | Lair:2   | Reached skill level 10 in Shields
 11123 | Lair:2   | Reached ****** piety under Okawaru
 11123 | Lair:2   | Received a gift from Okawaru
 12228 | Lair:3   | Reached skill level 15 in Maces & Flails
 12375 | Lair:3   | Found a staircase to the Snake Pit.
 13555 | Lair:4   | Noticed a five-headed hydra
 13564 | Lair:4   | Killed a five-headed hydra
 13564 | Lair:4   | Received a gift from Okawaru
 13564 | Lair:4   | Reached skill level 16 in Maces & Flails
 13616 | Lair:4   | Reached skill level 1 in Invocations
 13815 | Lair:4   | Reached XP level 13. HP: 55/68 MP: 12/16
 13823 | Lair:4   | Reached skill level 5 in Invocations
 14003 | Lair:4   | Found a staircase to the Swamp.
 14395 | Lair:5   | Noticed Sonja
 14404 | Lair:5   | Killed Sonja
 14404 | Lair:5   | Received a gift from Okawaru
 14495 | Lair:5   | Found a staircase to the Slime Pits.
 14860 | Lair:5   | Paralysed by a floating eye for 4 turns
 15201 | Lair:6   | Entered Level 6 of the Lair of Beasts
 15466 | Lair:6   | Received a gift from Okawaru
 15606 | Lair:6   | Gained mutation: Your large and strong wings let you fly
                  | indefinitely. [Gargoyle growth]
 15606 | Lair:6   | Reached XP level 14. HP: 50/74 MP: 11/19
 16034 | Lair:6   | Received a gift from Okawaru
 16882 | D:11     | Noticed Nergalle
 16899 | D:11     | Killed Nergalle
 17228 | D:11     | Noticed Fannar
 17237 | D:11     | Killed Fannar
 17350 | D:11     | Identified a scroll of acquirement
 17353 | D:11     | Got a distressingly furry hat
 17365 | D:11     | Identified the +1 hat of Dogma {Dex+4} (You acquired it on
                  | level 11 of the Dungeon)
 17673 | Slime:1  | Entered Level 1 of the Pits of Slime
 17673 | Slime:1  | Noticed an acid blob
 18023 | D:11     | Reached skill level 15 in Shields
 18441 | Orc:1    | Entered Level 1 of the Orcish Mines
 19423 | Orc:2    | Entered Level 2 of the Orcish Mines
 20255 | Orc:2    | Found Keoqoz's Assorted Antiques.
 20263 | Orc:2    | Bought a ruby-encrusted plate armour for 868 gold pieces
 20273 | Orc:2    | Identified the +4 plate armour "Veqef" {rF+ rC+} (You
                  | bought it in a shop on level 2 of the Orcish Mines)
 20381 | Orc:2    | Found a staircase to the Elven Halls.
 20424 | Orc:2    | Received a gift from Okawaru
 20687 | Orc:2    | Reached skill level 15 in Armour
 20813 | Orc:2    | Found an ancient bone altar of Kikubaaqudgha.
 20829 | Orc:2    | Paralysed by an orc sorcerer for 3 turns
 20838 | Orc:2    | Reached skill level 5 in Fighting
 21171 | Orc:2    | Paralysed by an ogre mage for 6 turns
 21193 | Orc:2    | Found Beicsit's Gadget Shop.
 21197 | Orc:2    | Noticed Erolcha
 21204 | Orc:2    | Killed Erolcha
 21204 | Orc:2    | Reached XP level 15. HP: 76/82 MP: 20/20
 21212 | Orc:2    | Found a roughly hewn altar of Beogh.
 21212 | Orc:2    | Found Gecsaubo's Book Boutique.
 21213 | Orc:2    | Found Inoskin's Antique Armour Shop.
 21229 | Orc:2    | Found Poasoj's Magic Scroll Boutique.
 21307 | Orc:2    | Bought a scroll of enchant armour for 105 gold pieces
 21307 | Orc:2    | Bought a scroll of brand weapon for 280 gold pieces
 21327 | Orc:2    | Found a radiant altar of Vehumet.
 21519 | Orc:1    | Noticed Urug
 21528 | Orc:1    | Killed Urug
 21669 | Orc:1    | Found Isoarr's Assorted Antiques.
 21845 | Orc:1    | Bought a smoking mace for 184 gold pieces
 21845 | Orc:1    | Identified the +8 mace "Hitiyl" {speed, rPois} (You bought
                  | it in a shop on level 1 of the Orcish Mines)
 21848 | Orc:1    | Bought a scroll labeled WAOZXI CEFU for 23 gold pieces
 21848 | Orc:1    | Bought a scroll labeled YXAICO JIXO for 23 gold pieces
 21848 | Orc:1    | Bought a purple potion for 20 gold pieces
 21848 | Orc:1    | Bought a dented jade amulet for 115 gold pieces
 22906 | D:12     | Found a runed translucent door.
 22907 | D:12     | Noticed Clumpoid's ghost (journeyman MiFi)
 22907 | D:12     | Identified the +9 spear of Utuiloff {freeze, rC+++ MR+
                  | Dex+5}
 22947 | D:12     | Killed Clumpoid's ghost
 23279 | D:13     | Reached skill level 1 in Dodging
 23809 | D:14     | Received a gift from Okawaru
 23825 | D:14     | Found a portal to a secret trove of treasure.
 24246 | D:14     | Received a gift from Okawaru
 24300 | D:14     | Found a gate to the Vaults.
 24314 | D:14     | Reached XP level 16. HP: 88/96 MP: 19/21
 24460 | D:14     | Got a brightly glowing eveningstar {god gift}
 24461 | D:14     | Identified the +5 eveningstar of the Shrike {chaos, Fragile
                  | +Fly Int+4} (Okawaru gifted it to you on level 14 of the
                  | Dungeon)
 24507 | D:15     | Entered Level 15 of the Dungeon
 24625 | D:15     | Reached skill level 5 in Dodging
 24633 | D:15     | Reached skill level 10 in Fighting
 24869 | D:15     | Found a staircase to the Depths.
 25464 | Snake:1  | Entered Level 1 of the Snake Pit
 25517 | Swamp:1  | Entered Level 1 of the Swamp
 25530 | Swamp:1  | Received a gift from Okawaru
 25688 | Swamp:1  | Noticed a thorn hunter
 25727 | Swamp:1  | Got a dazzling scale mail {god gift}
 25820 | Snake:1  | Identified the +5 scale mail "Legat" {rPois} (Okawaru
                  | gifted it to you on level 1 of the Swamp)
 27041 | Snake:2  | Found an iron altar of Okawaru.
 27042 | Snake:2  | Noticed a nagaraja
 27056 | Snake:2  | Killed a nagaraja
 27056 | Snake:2  | Received a gift from Okawaru
 27573 | Snake:2  | Noticed a nagaraja
 27581 | Snake:2  | Killed a nagaraja
 27934 | Snake:3  | Reached XP level 17. HP: 108/108 MP: 22/22
 28287 | Snake:3  | Noticed Agnes
 28295 | Snake:3  | Killed Agnes
 28308 | Snake:3  | Reached skill level 17 in Maces & Flails
 28500 | Snake:4  | Entered Level 4 of the Snake Pit
 28732 | Snake:4  | Found a transporter.
 28746 | Snake:4  | Received a gift from Okawaru
 28767 | Snake:4  | Found a bloodstained altar of Trog.
 28767 | Snake:4  | Noticed suduhmizer's ghost (adept KoBe)
 28767 | Snake:4  | Identified the +1 short sword of Dusodok {pierce, +Fly
                  | Dex-3 SInv Stlth+}
 28767 | Snake:4  | Identified the +10 short sword of Armageddon {antimagic,
                  | *Contam rPois rC+ Str+4}
 28773 | Snake:4  | Identified the +7 short sword "Ecrasici" {pierce, Dex+3}
 28776 | Snake:4  | Found the +1 cloak of Starlight {rElec rC+ EV+4 Stlth--}
 28777 | Snake:4  | Found a transporter.
 28797 | Snake:4  | Killed suduhmizer's ghost
 28938 | Snake:4  | Found Pibu's Book Shoppe.
 28940 | Snake:4  | Found Ythrat's Distillery.
 28940 | Snake:4  | Found Letyrgh's Weapon Emporium.
 28943 | Snake:4  | Found Keruad's Food Emporium.
 29498 | Snake:4  | Reached skill level 18 in Maces & Flails
 29539 | Snake:4  | Reached skill level 15 in Fighting
 29553 | Snake:4  | Reached XP level 18. HP: 62/119 MP: 20/23
 29738 | Snake:4  | Received a gift from Okawaru
 30276 | Snake:4  | Got a serpentine rune of Zot
 30530 | Snake:4  | Got a pair of faintly glowing boots {god gift}
 30541 | Snake:4  | Identified the +3 pair of boots of the Gusle {rF++ rC-
                  | Regen+ Dex+3} (Okawaru gifted it to you on level 4 of the
                  | Snake Pit)
 31543 | Swamp:2  | Noticed Jorgrun
 31560 | Swamp:2  | Killed Jorgrun
 31560 | Swamp:2  | Received a gift from Okawaru
 31767 | Swamp:2  | Noticed Louise
 31785 | Swamp:2  | Noticed Louise
 31785 | Swamp:2  | Louise changed into Louise the ettin
 31792 | Swamp:2  | Killed Louise the ettin
 32161 | Swamp:3  | Noticed Nikola
 32175 | Swamp:3  | Killed Nikola
 32551 | Swamp:3  | Identified Roxanne's Volume of Transmutation
 32551 | Swamp:3  | Noticed Roxanne
 32589 | Swamp:3  | Killed Roxanne
 33002 | Swamp:4  | Entered Level 4 of the Swamp
 33086 | Swamp:4  | Reached XP level 19. HP: 124/125 MP: 24/24
 33485 | Swamp:4  | Received a gift from Okawaru
 33486 | Swamp:4  | Got an ichor-stained cloak {god gift}
 33573 | Swamp:4  | Identified the +0 cloak "Buewn" {rN+ Dex-4 Slay+6} (Okawaru
                  | gifted it to you on level 4 of the Swamp)
 33683 | Swamp:4  | Got a decaying rune of Zot
 34162 | Vaults:1 | Entered Level 1 of the Vaults
 34801 | Slime:1  | HP: 4/125 [enormous slime creature (50)]
 34801 | Slime:1  | Slain by a slime creature

Skill      XL: |  1  2  3  4  5  6  7  8  9 10 11 12 13 14 15 16 17 18 19 |
---------------+----------------------------------------------------------+-----
Maces & Flails | 3 4 5 6 7 9 11 13 14 16 18 | 18.8
Armour         | 6 9 10 15 17 | 17.9
Shields        | 6 9 10 13 15 16 17 | 17.3
Invocations    | 4 7 |  7.5
Fighting       | 5 9 12 15 16 | 16.1
Dodging        | 4 7 8 |  8.3

Action                   |  1- 3 |  4- 6 |  7- 9 | 10-12 | 13-15 | 16-18 | 19-21 || total
-------------------------+-------+-------+-------+-------+-------+-------+-------++-------
Melee: Flail             |   101 |   240 |   317 |   416 |       |       |       ||  1074
       Morningstar       |       |       |       |   246 |   787 |       |       ||  1033
       Mace              |       |       |       |       |   560 |    11 |       ||   571
       Eveningstar       |       |       |       |       |       |  1375 |   269 ||  1644
Invok: Heroism           |       |       |       |     1 |     9 |     7 |       ||    17
       Finesse           |       |       |       |       |     3 |     4 |       ||     7
 Abil: Fly               |       |       |       |       |       |     1 |       ||     1
  Use: Scroll            |       |     8 |     3 |     9 |    17 |     5 |     3 ||    45
       Potion            |       |     7 |     2 |     1 |       |     7 |     1 ||    18
 Stab: Paralysed         |       |       |       |       |       |    13 |     1 ||    14
       Confused          |       |       |       |       |       |     3 |     1 ||     4
       Petrifying        |       |       |       |       |       |     2 |     1 ||     3
  Eat: Chunk             |     1 |     7 |     9 |    17 |     9 |    17 |     1 ||    61
       Ration            |       |       |       |     3 |     8 |     3 |     3 ||    17
Armor: Scale mail        |    41 |       |       |       |       |       |       ||    41
       Plate armour      |    21 |   189 |   300 |   344 |   631 |   744 |   242 ||  2471
Dodge: Dodged            |    26 |    31 |    56 |    99 |   265 |   587 |   199 ||  1263
Block: Shield            |    56 |   130 |   178 |   320 |   777 |   745 |       ||  2206
       Large shield      |       |       |       |       |       |   371 |   344 ||   715
